 Dungeon Crawl Stone Soup version 0.22.0 (webtiles) character file.

345 Blackhawk the Shield-Bearer (level 6, -6/53 HPs)
             Began as a Gnoll Fighter on Oct 21, 2018.
             Mangled by lepoulpe303's ghost (7 damage)
             ... on level 4 of the Dungeon.
             The game lasted 00:04:44 (2776 turns).

Blackhawk the Shield-Bearer (Gnoll Fighter)         Turns: 2776, Time: 00:04:44

Health: -6/53      AC:  7    Str: 21    XL:     6   Next: 58%
Magic:  9/9        EV: 10    Int: 10    God:
Gold:   161        SH: 11    Dex: 14    Spells: 9/9 levels left

rFire    . . .     SeeInvis .   z - +0 hand axe (venom)
rCold    + . .     Gourm    .   c - +0 shield
rNeg     . . .     Faith    .   w - +1 ring mail {rC+}
rPois    .         Spirit   .   (no helmet)
rElec    .         Reflect  .   (no cloak)
rCorr    .         Harm     .   (no gloves)
MR       .....                  (no boots)
Stlth    +.........             (no amulet)
HPRegen  0.17/turn              (no ring)
MPRegen  0.11/turn              (no ring)

@: no status effects
A: distributed training, fangs 1, strong nose
a: no special abilities


You were on level 4 of the Dungeon.
You were very hungry.

You visited 1 branch of the dungeon, and saw 4 of its levels.

You collected 161 gold pieces.

Inventory:

Hand Weapons
 a - a +0 war axe
 z - a +0 hand axe of venom (weapon)
Missiles
 g - 97 stones (quivered)
 y - 7 tomahawks
Armour
 b - a +0 scale mail
 c - a +0 shield (worn)
 t - a +0 pair of boots
 w - a +1 ring mail of cold resistance (worn)
Jewellery
 q - an uncursed ring of protection from magic {unknown}
Scrolls
 e - 5 scrolls of identify {unknown}
 h - a scroll of blinking {unknown}
 i - 3 scrolls of remove curse {unknown}
 l - a scroll of random uselessness {unknown}
 r - 2 scrolls of teleportation {unknown}
 s - 2 scrolls of magic mapping {unknown}
 u - a scroll of noise {unknown}
 v - 2 scrolls of fog {unknown}
 x - a scroll of immolation {unknown}
Potions
 d - a potion of might
 j - a potion of flight {unknown}
 k - 2 potions of lignification {unknown}
 m - a potion of resistance {unknown}
 n - a potion of degeneration {unknown}
 o - 2 potions of curing {unknown}
 p - 2 potions of haste {unknown}
Comestibles
 f - 7 rations


   Skills:
 + Level 6.8 Fighting
 + Level 2.0 Short Blades
 + Level 2.0 Long Blades
 + Level 5.0 Axes
 + Level 2.0 Maces & Flails
 + Level 2.0 Polearms
 + Level 2.0 Staves
 + Level 2.0 Slings
 + Level 2.0 Bows
 + Level 2.0 Crossbows
 + Level 2.0 Throwing
 + Level 6.8 Armour
 + Level 2.0 Dodging
 + Level 2.0 Stealth
 + Level 6.8 Shields
 + Level 2.0 Unarmed Combat
 + Level 2.0 Spellcasting
 + Level 1.5 Conjurations
 + Level 1.5 Hexes
 + Level 1.5 Charms
 + Level 1.5 Summonings
 + Level 1.5 Necromancy
 + Level 1.5 Translocations
 + Level 1.5 Transmutations
 + Level 1.5 Fire Magic
 + Level 1.5 Ice Magic
 + Level 1.5 Air Magic
 + Level 1.5 Earth Magic
 + Level 1.5 Poison Magic
 + Level 2.2 Invocations
 + Level 2.0 Evocations


You had 9 spell levels left.
You didn't know any spells.
Your spell library was empty.

Dungeon Overview and Level Annotations

Branches:
Dungeon (4/15)
 Temple: D:4-7

Altars:
Fedhas
Nemelex Xobeh
The Shining One

Annotations:
D:4 1 runed door, lepoulpe303's ghost, amateur TrCK


Innate Abilities, Weirdness & Mutations

Your experience applies equally to all skills.
You have very sharp teeth.
Your uncanny sense of smell can sniff out nearby items.


Message History

You block lepoulpe303's ghost's attack.
You hit lepoulpe303's ghost.
Lepoulpe303's ghost is moderately damaged.
You block lepoulpe303's ghost's attack.
You hit lepoulpe303's ghost but do no damage.
Lepoulpe303's ghost is moderately damaged.
You block lepoulpe303's ghost's attack.
You closely miss lepoulpe303's ghost. You bite lepoulpe303's ghost.
Lepoulpe303's ghost is moderately damaged.
Lepoulpe303's ghost hits you but does no damage.
Your shield and ring mail prevent you from hitting lepoulpe303's ghost.
Lepoulpe303's ghost is moderately damaged.
Lepoulpe303's ghost hits you!
* * * LOW HITPOINT WARNING * * *
Lepoulpe303's ghost hits you.
* * * LOW HITPOINT WARNING * * *
You closely miss lepoulpe303's ghost.
Lepoulpe303's ghost is moderately damaged.
Lepoulpe303's ghost hits you!
You die...

#.......#.....# #.#..###
#.......#.....#
#......#####.
#.......#.....#
##...#.....#.
##.############
#...#....... #.#
##..##.##.## #..#
#[>......# ##.#
######### #.####.### ..
≈≈≈≈≈≈#.## #....#.####
..+ ≈=≈≈≈rW@[#
#....#..... #.#
≈≈≈≈≈≈#..# #.#..#.###.
###
########.#####.#..#.###.
#................
######..#...#####
#..#.#.# #..#...#
########


You could see lepoulpe303's ghost and a river rat.

Vanquished Creatures
  A bullfrog (D:4)
  A centaur skeleton (D:4)
  3 orc wizards
  A gnoll (D:2)
  A river rat (D:4)
  8 adders
  2 oozes (D:1)
  2 worms
  3 dart slugs
  6 orcs
  A ball python (D:4)
  7 giant cockroaches
  4 goblins
  5 hobgoblins
  2 jackals (D:2)
  4 quokkas (D:2)
  5 bats
  4 frilled lizards
  9 kobolds
  A leopard gecko skeleton (D:3)
  9 rats
79 creatures vanquished.

Notes
Turn   | Place    | Note
-------+----------+-------------------------------------------
     0 | D:1      | Blackhawk the Gnoll Fighter began the quest for the Orb.
     0 | D:1      | Reached XP level 1. HP: 23/23 MP: 1/1
   373 | D:1      | Reached XP level 2. HP: 28/29 MP: 2/2
   729 | D:1      | Reached XP level 3. HP: 34/35 MP: 3/3
   909 | D:2      | Found a blossoming altar of Fedhas.
   950 | D:2      | Reached skill level 1 in Invocations
  1001 | D:2      | Reached skill level 1 in Short Blades
  1001 | D:2      | Reached skill level 1 in Long Blades
  1001 | D:2      | Reached skill level 1 in Maces & Flails
  1001 | D:2      | Reached skill level 1 in Polearms
  1001 | D:2      | Reached skill level 1 in Staves
  1001 | D:2      | Reached skill level 1 in Slings
  1001 | D:2      | Reached skill level 1 in Bows
  1001 | D:2      | Reached skill level 1 in Crossbows
  1001 | D:2      | Reached skill level 1 in Throwing
  1001 | D:2      | Reached skill level 1 in Dodging
  1001 | D:2      | Reached skill level 1 in Stealth
  1001 | D:2      | Reached skill level 1 in Unarmed Combat
  1001 | D:2      | Reached skill level 1 in Spellcasting
  1001 | D:2      | Reached skill level 1 in Evocations
  1050 | D:2      | Reached XP level 4. HP: 41/41 MP: 5/5
  1097 | D:2      | Reached skill level 1 in Conjurations
  1097 | D:2      | Reached skill level 1 in Hexes
  1097 | D:2      | Reached skill level 1 in Charms
  1097 | D:2      | Reached skill level 1 in Summonings
  1097 | D:2      | Reached skill level 1 in Necromancy
  1097 | D:2      | Reached skill level 1 in Translocations
  1097 | D:2      | Reached skill level 1 in Transmutations
  1097 | D:2      | Reached skill level 1 in Fire Magic
  1097 | D:2      | Reached skill level 1 in Ice Magic
  1097 | D:2      | Reached skill level 1 in Air Magic
  1097 | D:2      | Reached skill level 1 in Earth Magic
  1097 | D:2      | Reached skill level 1 in Poison Magic
  1500 | D:2      | Reached XP level 5. HP: 38/47 MP: 6/6
  1904 | D:3      | Found a glowing golden altar of the Shining One.
  2135 | D:3      | Found a sparkling altar of Nemelex Xobeh.
  2330 | D:4      | Found a runed door.
  2380 | D:4      | Reached XP level 6. HP: 20/53 MP: 8/8
  2733 | D:4      | Found a runed door.
  2734 | D:4      | Noticed lepoulpe303's ghost (amateur TrCK)
  2748 | D:4      | Reached skill level 5 in Axes
  2775 | D:4      | HP: 1/53 [lepoulpe303's ghost (4)]
  2776 | D:4      | Mangled by lepoulpe303's ghost

Skill      XL: |  1  2  3  4  5  6 |
---------------+-------------------+-----
Invocations    | 1 2 |  2.2
Short Blades   | 1 2 |  2.0
Long Blades    | 1 2 |  2.0
Maces & Flails | 1 2 |  2.0
Polearms       | 1 2 |  2.0
Staves         | 1 2 |  2.0
Slings         | 1 2 |  2.0
Bows           | 1 2 |  2.0
Crossbows      | 1 2 |  2.0
Throwing       | 1 2 |  2.0
Dodging        | 1 2 |  2.0
Stealth        | 1 2 |  2.0
Unarmed Combat | 1 2 |  2.0
Spellcasting   | 1 2 |  2.0
Evocations     | 1 2 |  2.0
Conjurations   | 1 |  1.5
Hexes          | 1 |  1.5
Charms         | 1 |  1.5
Summonings     | 1 |  1.5
Necromancy     | 1 |  1.5
Translocations | 1 |  1.5
Transmutations | 1 |  1.5
Fire Magic     | 1 |  1.5
Ice Magic      | 1 |  1.5
Air Magic      | 1 |  1.5
Earth Magic    | 1 |  1.5
Poison Magic   | 1 |  1.5
Axes           | 5 |  5.0
Fighting       | |  6.8
Armour         | |  6.8
Shields        | |  6.8

Action                   |  1- 3 |  4- 6 || total
-------------------------+-------+-------++-------
Melee: War axe           |    94 |   143 ||   237
       Bite              |     5 |    17 ||    22
       Hand axe          |       |    41 ||    41
 Stab: Sleeping          |       |     1 ||     1
  Eat: Chunk             |     1 |     4 ||     5
Armor: Scale mail        |    33 |    33 ||    66
       Ring mail         |       |    31 ||    31
Dodge: Dodged            |    19 |    68 ||    87
Block: Shield            |    44 |   113 ||   157
